 Dungeon Crawl Stone Soup version 0.25-a0-420-g1cc7eeb0d1 (webtiles) character file.

Game seed: 5162976309704205064, levelgen mode: deterministic

371 Kohma the Chopper (level 6, 0/56 HPs)
             Began as a Hill Orc Abyssal Knight on Jan 19, 2020.
             Was a Believer of Lugonu.
             Slain by a hippogriff (1 damage)
             ... on level 4 of the Dungeon.
             The game lasted 00:10:31 (5325 turns).

Kohma the Chopper (Hill Orc Abyssal Knight)         Turns: 5325, Time: 00:10:32

Health: 0/56       AC: 10    Str: 17    XL:     6   Next: 70%
Magic:  18/18      EV:  7    Int: 12    God:    Lugonu [**....]
Gold:   283        SH:  0    Dex: 10    Spells: 5/5 levels left

rFire    . . .     SeeInvis .   a - +1 hand axe
rCold    . . .     Gourm    .   (no shield)
rNeg     . . .     Faith    .   p - +0 chain mail
rPois    .         Spirit   .   (no helmet)
rElec    .         Reflect  .   u - scarf {cloud immunity}
rCorr    .         Harm     .   r - +0 pair of gloves
MR       .....                  (no boots)
Stlth    ..........             (no amulet)
HPRegen  0.18/turn              i - ring of magical power
MPRegen  0.16/turn              y - ring of flight

@: very slightly contaminated, invisible
A: no striking features
a: Depart the Abyss, Bend Space, Renounce Religion, Evoke Flight


You were on level 4 of the Dungeon.
You worshipped Lugonu.
Lugonu was pleased with you.
You were not hungry.

You visited 1 branch of the dungeon, and saw 5 of its levels.
You visited the Abyss 1 time.

You collected 283 gold pieces.

Inventory:

Hand Weapons
 a - a +1 hand axe (weapon)
 v - a +0 hunting sling
Missiles
 g - 9 poisoned darts (quivered)
 t - 38 sling bullets
 w - 121 stones
Armour
 p - a +0 chain mail (worn)
 r - a +0 pair of gloves (worn)
 u - a scarf of cloud immunity (worn)
Jewellery
 i - a ring of magical power (left hand)
 y - a ring of flight (right hand)
Wands
 s - a wand of paralysis (7)
 x - a wand of acid (3)
Scrolls
 b - 2 scrolls of remove curse
 d - a scroll of magic mapping
 f - 2 scrolls of blinking
 h - 4 scrolls of teleportation
Potions
 j - 2 potions of flight
 l - 2 potions of might
 n - a potion of brilliance
 q - 3 potions of curing
Comestibles
 c - 11 rations


   Skills:
 - Level 5.0 Fighting
 * Level 6.1 Axes
 + Level 3.9 Armour
 - Level 0.7 Dodging
 + Level 4.5 Invocations


You had 5 spell levels left.
You didn't know any spells.
Your spell library contained the following spells:

 Spells                   Type           Power        Failure   Level  Hunger
 Animate Skeleton         Necr           N/A          99%         1    ##.....
 Apportation              Tloc           #.....       99%         1    ##.....
 Corona                   Hex            #......      99%         1    ##.....
 Summon Small Mammal      Summ           #...         99%         1    ##.....


Dungeon Overview and Level Annotations

Branches:
Dungeon (5/15)
 Temple: D:4-7

Altars:
Nemelex Xobeh


Message History

The hippogriff pecks you but does no damage.
The hippogriff claws you.
* * * LOW HITPOINT WARNING * * *
You hit the hippogriff but do no damage.
The hippogriff is severely wounded.
The hippogriff bites you but does no damage.
The hippogriff pecks you but does no damage.
The hippogriff claws you but does no damage.
You fade into invisibility!
The hippogriff barely misses you. The hippogriff pecks you.
* * * LOW HITPOINT WARNING * * *
The hippogriff claws you but does no damage.
You are very lightly contaminated with residual magic.
You slash the hippogriff!
The hippogriff is almost dead.
The hippogriff bites you but does no damage.
The hippogriff pecks you.
* * * LOW HITPOINT WARNING * * *
The hippogriff claws you.
You die...

.....#....#........#...#.........
.....#[...#........#...#.........
.....)....#....[...#...#.........
.....######........##'##.........
###......#####...................
..#......#...#..........#'#######
..#......#...#..........#...#....
..#......#...#..........#...#....
..#......#...#..@H......#...#....
(.+......#...#..........#...#....
..#......#...#..........#...#....
..#......#...#..........#...#....
###......#.###..........###'##'##
......####.####'#####'####.......
......#.....#....#.......#.......
......'.....#....#.......#.......
......#.....#....#.......#<......


You could see a hippogriff.

Vanquished Creatures
  A bullfrog skeleton (D:4)
  An orc wizard (D:4)
  Natasha (thrice) (D:3 D:2)
  Terence (D:3)
  3 worker ants
  Robin (D:3)
  2 adders
  3 worms
  2 leopard geckos (D:3)
  8 orcs
  5 bats
  4 giant cockroaches
  19 goblins
  13 hobgoblins
  6 jackals
  8 kobolds
  A quokka (D:3)
  A ball python (D:1)
  5 frilled lizards
  A jackal zombie (D:5)
  7 rats
95 creatures vanquished.

Notes
Turn   | Place    | Note
-------+----------+-------------------------------------------
     0 | Abyss:1  | Kohma the Hill Orc Abyssal Knight began the quest for the
                  | Orb.
     0 | Abyss:1  | Reached XP level 1. HP: 19/19 MP: 2/2
    51 | Abyss:2  | Noticed a stone giant skeleton
    51 | Abyss:2  | Noticed a fire dragon simulacrum
    51 | Abyss:2  | Noticed a storm dragon zombie
    51 | Abyss:2  | Noticed a fire giant zombie
    51 | Abyss:2  | Noticed a fire giant zombie
    51 | Abyss:2  | Noticed a small abomination
    51 | Abyss:2  | Noticed a necromancer
    55 | D:1      | Escaped the Abyss
   192 | D:1      | Reached skill level 3 in Axes
   193 | D:1      | Reached XP level 2. HP: 7/27 MP: 3/3
   419 | D:1      | Reached * piety under Lugonu
   732 | D:1      | Reached XP level 3. HP: 31/33 MP: 5/5
  1486 | D:2      | Reached skill level 4 in Axes
  1486 | D:2      | Reached XP level 4. HP: 31/40 MP: 6/6
  1728 | D:2      | You fall into a shaft and drop 1 floor!
  1946 | D:3      | Noticed Terence
  1946 | D:3      | Noticed Natasha
  1992 | D:3      | Killed Terence
  2065 | D:3      | Killed Natasha
  2065 | D:3      | Reached XP level 5. HP: 42/47 MP: 7/7
  2115 | D:3      | Noticed Natasha
  2146 | D:3      | Killed Natasha
  2362 | D:3      | Reached skill level 5 in Axes
  2417 | D:3      | Reached ** piety under Lugonu
  2645 | D:3      | Noticed Robin
  2881 | D:3      | Noticed Natasha
  2901 | D:2      | Killed Natasha
  3053 | D:3      | Killed Robin
  3053 | D:3      | Reached XP level 6. HP: 49/53 MP: 9/9
  4236 | D:4      | Reached skill level 5 in Fighting
  4327 | D:4      | Found a sparkling altar of Nemelex Xobeh.
  4555 | D:4      | Reached skill level 6 in Axes
  4931 | D:5      | Entered Level 5 of the Dungeon
  4965 | D:5      | Noticed a hippogriff
  5324 | D:4      | HP: 2/56 [hippogriff (2)]
  5325 | D:4      | Slain by a hippogriff

Levels and vault maps discovered:
D:1:      erik_arrival_cave_to_civilisation [erik_arrival_cave_to_hall],
          layout_basic
D:2:      layout_loops_cross
D:3:      kennysheep_goblin_castle, layout_basic, uniq_natasha, uniq_terence
D:4:      layout_gridville, lemuel_doored_altar, first_ration,
          nrook_mini_backslash
D:5:      layout_loops_cross, uniq_edmund

Skill      XL: |  1  2  3  4  5  6 |
---------------+-------------------+-----
Axes           | 3 4 5 6 |  6.1
Fighting       | 4 5 |  5.0
Invocations    | 3 4 |  4.5
Armour         | 3 |  3.9
Dodging        | |  0.7

Action                   |  1- 3 |  4- 6 || total
-------------------------+-------+-------++-------
Melee: Hand axe          |    90 |   293 ||   383
Throw: Dart              |     2 |       ||     2
Invok: Depart the Abyss  |     1 |       ||     1
       Bend Space        |       |     1 ||     1
  Use: Scroll            |       |    13 ||    13
       Potion            |       |     2 ||     2
  Eat: Chunk             |     2 |    11 ||    13
       Ration            |       |     1 ||     1
Armor: Leather armour    |    22 |       ||    22
       Chain mail        |    18 |   216 ||   234
Dodge: Dodged            |    67 |   115 ||   182

Table legend:
 A = Non-vault XP
 B = Vault XP
 C = Vault XP percentage of total XP
 D = Non-vault monster count
 E = Vault monster count
 F = Vault count percentage of total count
                 A         B        C        D         E       F
            +---------+---------+-------+---------+---------+-------
      Total |     399 |     131 |  24.7 |      70 |      25 |  26.3
            +---------+---------+-------+---------+---------+-------
        D:1 |      40 |       4 |   9.1 |      25 |       2 |   7.4
        D:2 |      83 |       4 |   4.6 |       8 |       2 |  20.0
        D:3 |      90 |     123 |  57.7 |      22 |      21 |  48.8
        D:4 |     185 |       0 |   0.0 |      14 |       0 |   0.0
        D:5 |       1 |       0 |   0.0 |       1 |       0 |   0.0
            +---------+---------+-------+---------+---------+-------
